 Dungeon Crawl Stone Soup version 0.28-a0-1080-g05a166d0ed (webtiles) character file.

Game seed: 6109789782526407827

98 spiderkeys the Ducker (level 4, 0/27 HPs)
             Began as a Deep Elf Abyssal Knight on Dec 10, 2021.
             Was a Follower of Lugonu.
             Slain by an orc (3 damage)
             ... on level 4 of the Dungeon.
             The game lasted 00:03:42 (2993 turns).

spiderkeys the Ducker (Deep Elf Abyssal Knight)     Turns: 2993, Time: 00:03:43

Health: 0/27       AC:  3    Str: 10    XL:     4   Next: 43%
Magic:  10/10      EV: 12    Int: 19    God:    Lugonu [*.....]
Gold:   72         SH:  0    Dex: 15    Spells: 5/8 levels left

rFire   . . .      SeeInvis .   e - +0 rapier
rCold   . . .      Faith    .   (no shield)
rNeg    . . .      Spirit   .   b - +0 leather armour
rPois   .          Reflect  .   (helmet restricted)
rElec   .          Harm     .   (no cloak)
rCorr   .          Rampage  .   (no gloves)
Will    .....      Clarity  +   (no boots)
Stlth   +.........              (no amulet)
HPRegen 0.09/turn               (no ring)
MPRegen 0.12/turn               (no ring)

@: no status effects
A: horns 1, clarity, clever 1
a: Renounce Religion, Depart the Abyss


You were on level 4 of the Dungeon.
You worshipped Lugonu.
Lugonu was aware of your devotion.
You visited 1 branch of the dungeon, and saw 4 of its levels.
You visited the Abyss 1 time.

You collected 72 gold pieces.


Innate Abilities, Weirdness & Mutations

You have a pair of small horns on your head.
You possess an exceptional clarity of mind.
Your mind is acute. (Int +2)


   Skills:
 + Level 2.9 Fighting
 - Level 2.5 Short Blades
 - Level 0.7 Armour
 - Level 3.0 Dodging
 * Level 2.9 Spellcasting
 + Level 1.4 Conjurations
 - Level 2.3 Invocations


You had 5 spell levels left.
You knew the following spells:

 Your Spells              Type           Power      Damage    Failure   Level
m - Magic Dart            Conj           32%        1d4       12%         1
s - Searing Ray           Conj           16%        2d5       17%         2

Your spell library contained the following spells:

 Spells                   Type           Power      Damage    Failure   Level
 Conjure Flame            Conj/Fire      5%         6-21      43%         3
 Ignite Poison            Fire/Tmut/Pois 2%         N/A       54%         3
 Fulminant Prism          Conj/Hex       2%         3d6       83%         4
 Sticky Flame             Conj/Fire      5%         2d3       83%         4

Inventory:

Hand Weapons
 a - a +1 short sword
 e - a +0 rapier (weapon)
   (You found it on level 1 of the Dungeon)
Missiles
 d - 56 sling bullets
 f - 9 poisoned darts
 g - 77 stones
Armour
 b - a +0 leather armour (worn)
Scrolls
 c - a scroll of teleportation {@r4}
 h - a scroll of fog
 i - a scroll of enchant weapon {unknown}
 j - a scroll of vulnerability {unknown}
 l - a scroll of identify {unknown}
 m - a scroll of immolation {unknown}
 n - a scroll of magic mapping {unknown}
 o - a scroll of enchant armour {unknown}
 q - a scroll of fear {unknown}
Potions
 k - a potion of cancellation {unknown}
 p - a potion of attraction {unknown}

Dungeon Overview and Level Annotations

Branches:
Dungeon (4/15)
 Temple: D:4-7

Altars:

Shops:
D:2 [

Annotations:
D:3 Pargi, Terence

#... ...... ...
#.... #
..##....#.#
...... ..# #
....##..# .#
#.##......# #.#
..#...o{o...##.#
......#@o......#
#...$........#
##.....?.....+
##..........#
..............#
....#.....<...#
#..##...####...+
.........##...##
####..(........#


You could see 3 orcs.


Message History

Your surroundings seem slightly different.
Okay, then.
As you read the scroll labelled SEOQUI NAACS, it crumbles to dust.
The scroll dissolves into smoke.
It was a scroll of fog.
Terence the Incautious comes into view.
He is wielding a +0 hand axe.
Terence shouts!
Terence drinks a potion.
Terence seems to speed up.
There is a stone staircase leading down here. 😱 MP[+1]
You climb downwards.
There is a stone staircase leading up here.
You start resting. 😨 HP[+6] MP[+7]
You regained 6 hp, and now have 10/27 hp.
Your mp is fully restored (10).
You start resting.
A quokka comes into view. 😨 HP[+2]
You regained 2 hp, and now have 12/27 hp.
You start resting.
You can no longer bend space around yourself. 😕 HP[+10]
You regained 10 hp, and now have 22/27 hp.
You start resting.
A quokka is nearby! 😕 HP[+2]
You regained 2 hp, and now have 24/27 hp.
A quokka is nearby!
You hit the quokka. The quokka bites you. 😕 HP[-2]
You take 2 damage, and now have 22/27 hp.
You closely miss the quokka. Your headbutt misses the quokka.
The quokka bites you but does no damage.
The quokka barely misses you.
You barely miss the quokka. The quokka barely misses you. 😕 HP[+1]
A quokka is nearby!
You closely miss the quokka. The quokka closely misses you.
You miss the quokka. The quokka bites you.
The quokka barely misses you. 😕 HP[-2]
You take 2 damage, and now have 21/27 hp.
A quokka is nearby!
A quokka is nearby!
You hit the quokka.
You kill the quokka!
Lugonu accepts your kill.
No target in view!
Unknown command.
Key pressed, stopping explore.
There is a stone staircase leading up here.
An orc and an orc wizard come into view.
The orc shouts!
The orc wizard shouts!
You hear a shout! x2
The orc wizard moves out of view. 😎 HP[+6]
Your hp is fully restored (27).
An orc is nearby!
An orc is nearby!
An orc is nearby!
An orc wizard comes into view. It is wielding a +0 dagger.
An orc comes into view. It is wielding a +0 dagger.
An orc comes into view. It is wielding a +0 whip.
The orc shouts!
The orc wizard mumbles some strange words.
The orc wizard flickers and vanishes!
Deactivating autopickup; reactivate with Ctrl-A.
The orc moves out of view.
The orc hits you but does no damage.
You hit the orc. The orc closely misses you.
You closely miss the orc. You barely miss something.
The orc hits you but does no damage.
You hit something but do no damage.
You hear some strange, mumbled words.
A puff of flame appears from out of thin air!
The puff of flame misses you. The orc closely misses you.
You closely miss something. Something hits you.
The orc closely misses you. 😕 HP[-2]
You take 2 damage, and now have 25/27 hp.
You barely miss something. Your headbutt misses something.
You hear some strange, mumbled words.
You feel momentarily confused. The orc hits you with a +0 hand axe.
The orc barely misses you.
The orc hits you with a +0 dagger. 😮 HP[-9]
You take 9 damage, and now have 16/27 hp.
MASSIVE DAMAGE!! (PAUSE)
You puncture something! You headbutt something. Something barely misses you.
The orc hits you with a +0 hand axe.
* * * LOW HITPOINT WARNING * * *
The orc closely misses you. The orc hits you with a +0 dagger.
* * * LOW HITPOINT WARNING * * *
Something hits you.
* * * LOW HITPOINT WARNING * * *
The orc hits you with a +0 hand axe.
* * * LOW HITPOINT WARNING * * *
😱 HP[-13]
You take 13 damage, and now have 3/27 hp.
MASSIVE DAMAGE!! (PAUSE)
You barely miss something. The orc hits you but does no damage.
The orc hits you with a +0 dagger.
You die...

Skill      XL: |  1  2  3 |
---------------+----------+-----
Spellcasting   | 1 2 |  2.9
Dodging        | 3 |  3.0
Conjurations   | 1 |  1.4
Fighting       | |  2.9
Short Blades   | |  2.5
Armour         | |  0.7
Invocations    | |  2.3

Action                   |  1- 3 |  4- 6 || total
-------------------------+-------+-------++-------
Melee: Rapier            |    77 |    44 ||   121
       Short sword       |     5 |       ||     5
       Headbutt          |    13 |     6 ||    19
 Cast: Magic Dart        |       |     2 ||     2
       Searing Ray       |       |     2 ||     2
Invok: Depart the Abyss  |     1 |       ||     1
       Bend Space        |       |     1 ||     1
  Use: Potion            |     1 |     1 ||     2
       Scroll            |       |     2 ||     2
 Stab: Sleeping          |     1 |       ||     1
Armor: Leather armour    |    21 |    12 ||    33
Dodge: Dodged            |    54 |    32 ||    86

Levels and vault maps discovered:
D:1:      wander_arrival_estate, layout_basic, ebering_ecumenical_altar_webs,
          kennysheep_boxes
D:2:      layout_loops_corners, serial_shops, shop, uniq_jessica
D:3:      layout_rooms, uniq_robin, uniq_pargi, uniq_terence
D:4:      layout_cave_pools, mainiacjoe_overflow_24_doors,
          gammafunk_temple_overflow_statue, serial_shops, shop

Notes
Turn   | Place    | Note
-------+----------+-------------------------------------------
     0 | Abyss:1  | spiderkeys the Deep Elf Abyssal Knight began the quest for
                  | the Orb.
     0 | Abyss:1  | Reached XP level 1. HP: 13/13 MP: 4/4
     0 | Abyss:1  | magus.rc [v1.9.10]
    65 | Abyss:1  | Noticed an apocalypse crab
    79 | Abyss:1  | Gained mutation: You have a pair of small horns on your
                  | head. [potion of mutation]
    79 | Abyss:1  | Gained mutation: Your mind is acute. (Int +2) [potion of
                  | mutation]
    79 | Abyss:1  | Gained mutation: You possess an exceptional clarity of
                  | mind. [potion of mutation]
    96 | Abyss:1  | Noticed a tentacled starspawn
    98 | D:1      | You pass through the gate.
    98 | D:1      | Escaped the Abyss
   128 | D:1      | Found a faded altar of an unknown god.
   500 | D:1      | Reached XP level 2. HP: 13/18 MP: 5/5
   500 | D:1      | Reached * piety under Lugonu
  1084 | D:1      | You pick up a book of Conjurations and begin reading...
  1084 | D:1      | You add the spells Magic Dart, Searing Ray and Fulminant
                  | Prism to your library.
  1141 | D:1      | Learned a level 1 spell: Magic Dart
  1348 | D:2      | You add the spells Conjure Flame, Ignite Poison and Sticky
                  | Flame to your library.
  1376 | D:2      | Reached skill level 1 in Spellcasting
  1376 | D:2      | Reached XP level 3. HP: 8/22 MP: 6/6
  1378 | D:2      | HP: 5/22 [poisoned by an adder]
  1668 | D:2      | Noticed Jessica
  1678 | D:2      | Killed Jessica
  1679 | D:2      | Reached skill level 3 in Dodging
  1679 | D:2      | Reached skill level 2 in Spellcasting
  1774 | D:2      | Reached skill level 1 in Conjurations
  2066 | D:2      | Found Wyakad's Antique Armour Shop.
  2115 | D:2      | Reached XP level 4. HP: 26/27 MP: 9/9
  2598 | D:3      | Learned a level 2 spell: Searing Ray
  2642 | D:3      | Noticed Pargi
  2672 | D:3      | Reached ** piety under Lugonu
  2678 | D:3      | HP: 5/27 [Pargi (4)]
  2685 | D:3      | Noticed Terence
  2992 | D:4      | HP: 6/27 [something (4)]
  2993 | D:4      | Slain by an orc

Vanquished Creatures
  Jessica (D:2)
  3 adders
  A worm (D:2)
  4 ball pythons
  A bat (D:3)
  2 endoplasms
  A giant cockroach (D:3)
  4 goblins
  4 hobgoblins
  6 jackals (D:1)
  A quokka (D:4)
  7 kobolds
  6 rats
41 creatures vanquished.

Table legend:
 A = Non-vault XP
 B = Vault XP
 C = Vault XP percentage of total XP
 D = Non-vault monster count
 E = Vault monster count
 F = Vault count percentage of total count
                 A         B        C        D         E       F
            +---------+---------+-------+---------+---------+-------
      Total |     103 |      37 |  26.4 |      40 |       1 |   2.4
            +---------+---------+-------+---------+---------+-------
        D:1 |      27 |       0 |   0.0 |      15 |       0 |   0.0
        D:2 |      52 |      37 |  41.6 |      18 |       1 |   5.3
        D:3 |      22 |       0 |   0.0 |       6 |       0 |   0.0
        D:4 |       2 |       0 |   0.0 |       1 |       0 |   0.0
            +---------+---------+-------+---------+---------+-------

Illustrated notes

Table legend:
 A = Kills in this place as a percentage of kills in entire the game.
 B = Kills by you in this place as a percentage of kills by you in the entire game.
 C = Kills by friends in this place as a percentage of kills by friends in the entire game.
 D = Other kills in this place as a percentage of other kills in the entire game.
 E = Experience gained in this place as a percentage of experience gained in the entire game.
 F = Experience gained in this place divided by the number of levels of this place that you have seen.
                   A       B       C       D       E      F
               +-------+-------+-------+-------+-------+----------------------
         Total | 100.0 | 100.0 |   N/A |   N/A | 100.0 |  28.0
       Dungeon | 100.0 | 100.0 |   N/A |   N/A | 100.0 |  35.0
               +-------+-------+-------+-------+-------+----------------------

Table legend: (Time is in decaauts)
 A = Elapsed time spent in this place.
 B = Non-inter-level travel time spent in this place.
 C = Inter-level travel time spent in this place.
 D = Time resting spent in this place.
 E = Time spent auto-exploring this place.
 F = Levels seen in this place.
 G = Mean time per level.
                   A        B        C        D        E       F      G
               +--------+--------+--------+--------+--------+-----+--------+
         Total |   3001 |   2950 |     51 |    406 |   2157 |   5 |  600.2 |
       Dungeon |   2903 |   2852 |     51 |    406 |   2093 |   4 |  725.8 |
         Abyss |     98 |     98 |      0 |      0 |     64 |   1 |   98.0 |
               +--------+--------+--------+--------+--------+-----+--------+

Top non-repeatable levels by time:
     D:2: 1371 daAuts
     D:1: 1059 daAuts
     D:4: 303 daAuts
     D:3: 168 daAuts
 Abyss:1: 98 daAuts
